 Dungeon Crawl Stone Soup version 0.27.1-34-g3ba077fa99 (webtiles) character file.

Game seed: 8433167101138914603

184 copperbird31 the Chopper (level 5, -15/47 HPs)
             Began as a Hill Orc Berserker on Jan 10, 2022.
             Was a Believer of Trog.
             Demolished by an ogre (21 damage)
             ... on level 4 of the Dungeon.
             The game lasted 00:17:49 (2427 turns).

copperbird31 the Chopper (Hill Orc Berserker)       Turns: 2427, Time: 00:17:49

Health: -15/47     AC:  7    Str: 21    XL:     5   Next: 64%
Magic:  5/5        EV: 10    Int:  7    God:    Trog [**....]
Gold:   90         SH:  0    Dex: 10    Spells: 4/4 levels left

rFire    . . .     SeeInvis .   t - +4 dagger (flame)
rCold    . . .     Faith    .   (no shield)
rNeg     . . .     Spirit   .   y - +0 scale mail
rPois    .         Reflect  .   s - +0 helmet
rElec    .         Harm     .   (no cloak)
rCorr    +         Rampage  .   (no gloves)
Will     .....                  (no boots)
Stlth    ..........             (no amulet)
HPRegen  0.15/turn              n - ring of resist corrosion
MPRegen  0.09/turn              (no ring)

@: no status effects
A: no striking features
a: Renounce Religion, Berserk, Trog's Hand


You were on level 4 of the Dungeon.
You worshipped Trog.
Trog was pleased with you.
You visited 1 branch of the dungeon, and saw 4 of its levels.

You collected 90 gold pieces.

Inventory:

Hand Weapons
 a - a +1 hand axe
 e - a +0 falchion
 f - a +0 dagger
 g - a +0 mace
 h - a +0 club
 i - a +0 short sword
 k - a +0 dagger
 l - a +0 club
 p - a +0 dagger
 q - a +0 dagger
 t - a +4 dagger of flaming (weapon)
 u - a +0 hunting sling
 x - a +0 whip
 z - a +0 war axe
Missiles
 d - 33 sling bullets
 j - 104 stones (quivered)
Armour
 b - a +0 animal skin
 m - a +0 leather armour
 o - a +0 robe
 r - a +0 animal skin
 s - a +0 helmet (worn)
 v - a +0 robe
 y - a +0 scale mail (worn)
 A - a +0 ring mail
Jewellery
 n - a ring of resist corrosion (left hand)
Scrolls
 c - a scroll of enchant weapon


   Skills:
 + Level 4.5 Fighting
 + Level 1.1 Short Blades
 + Level 6.1 Axes
 + Level 2.4 Armour
 + Level 2.4 Dodging
 + Level 1.0 Stealth


You had 4 spell levels left.
You didn't know any spells.
Your spell library contained the following spells:

 Spells                   Type           Power      Damage    Failure   Level
 Magic Dart               Conj           0%         1d3       77%         1
 Searing Ray              Conj           0%         3d3       88%         2
 Gell's Gravitas          Tloc           0%         N/A       98%         3
 Teleport Other           Tloc           0%         N/A       98%         3
 Fulminant Prism          Conj/Hex       0%         3d6       100%        4
 Dispersal                Tloc           0%         N/A       100%        6


Dungeon Overview and Level Annotations

Branches:
Dungeon (4/15)
 Temple: D:4-7

Altars:


Message History

Reactivating autopickup.
You feel a bit more experienced.
Your Axes skill increases to level 6!
Items here: ))) [[ †††.
m - a +0 leather armour You start resting.
You feel a little less clever now.
You start resting.
An ogre comes into view. It is wielding a +0 giant club.
An ogre is nearby!
The ogre shouts!
Your +4 dagger of flaming stops flaming.
u - a +0 hunting sling (weapon)
Fire: 106 stones
Press: ? - help, Q - select action, (/) - cycle Shift-Dir - straight line, f - ogre
Aim: an ogre, wielding a +0 giant club (73% to hit)
You shoot a stone. The stone barely misses the ogre.
Fire: 105 stones
Press: ? - help, Q - select action, (/) - cycle Shift-Dir - straight line, f/p - ogre
Aim: an ogre, wielding a +0 giant club (73% to hit)
You shoot a stone. The stone hits the ogre.
The ogre is lightly wounded.
Your +4 dagger of flaming bursts into flame!
t - a +4 dagger of flaming (weapon)
The ogre hits you with a +0 giant club!!
Ouch! That really hurt!
* * * LOW HITPOINT WARNING * * *
You feel much better.
The ogre hits you with a +0 giant club!!
You hit the ogre. You burn the ogre.
The ogre is lightly wounded.
You puncture the ogre! You burn the ogre.
The ogre is heavily wounded.
The ogre hits you with a +0 giant club!
* * * LOW HITPOINT WARNING * * *
Okay, then.
You puncture the ogre! You burn the ogre.
The ogre is severely wounded.
The ogre hits you with a +0 giant club!!
You die...

....# #.##.#
.# #####
#.##.##.# .
#.....>.#....
####......#
#.####.#
#...# ..
#.#.##....
#####........
#..@O(((###..
#.#####.# #.
.# #. .# #. .
## #


You could see an ogre.

Vanquished Creatures
  A howler monkey (D:4)
  An iguana (D:4)
  An orc wizard (D:4)
  Robin (D:2)
  An adder (D:3)
  An ufetubus (D:4)
  2 dart slugs (D:3)
  2 orcs (D:4)
  2 ball pythons (D:3)
  7 bats
  3 endoplasms (D:2)
  4 giant cockroaches
  13 goblins
  7 hobgoblins
  2 jackals (D:3)
  4 kobolds
  2 quokkas (D:2)
  4 frilled lizards
  A rat (D:3)
59 creatures vanquished.

Vanquished Creatures (others)
  2 fungi (D:1)
  3 plants (D:1)
5 creatures vanquished.

Grand Total: 64 creatures vanquished

Notes
Turn   | Place    | Note
-------+----------+-------------------------------------------
     0 | D:1      | copperbird31 the Hill Orc Berserker began the quest for the
                  | Orb.
     0 | D:1      | Reached XP level 1. HP: 19/19 MP: 1/1
   368 | D:1      | Reached XP level 2. HP: 27/27 MP: 2/2
   681 | D:1      | Found a faded altar of an unknown god.
  1176 | D:2      | Noticed Robin
  1194 | D:2      | Reached XP level 3. HP: 33/33 MP: 3/3
  1206 | D:2      | Killed Robin
  1466 | D:2      | Reached ** piety under Trog
  1654 | D:3      | Reached XP level 4. HP: 37/40 MP: 4/4
  1764 | D:3      | Reached skill level 5 in Axes
  2272 | D:4      | Reached skill level 1 in Short Blades
  2272 | D:4      | Reached skill level 1 in Stealth
  2272 | D:4      | Reached XP level 5. HP: 47/47 MP: 5/5
  2319 | D:4      | Reached skill level 6 in Axes
  2418 | D:4      | Noticed an ogre
  2427 | D:4      | Demolished by an ogre

Illustrated notes

Levels and vault maps discovered:
D:1:      minmay_arrival_up_and_down, layout_basic,
          shapermc_ecumenical_altar_acropolis
D:2:      layout_loops_ring, uniq_robin
D:3:      layout_basic
D:4:      layout_loops_cross, minmay_temple_entry_slanted,
          minmay_fractal_squares_5

Skill      XL: |  1  2  3  4  5 |
---------------+----------------+-----
Fighting       | 4 |  4.5
Dodging        | 2 |  2.4
Axes           | 5 6 |  6.1
Short Blades   | 1 |  1.1
Stealth        | 1 |  1.0
Armour         | |  2.4

Action                   |  1- 3 |  4- 6 || total
-------------------------+-------+-------++-------
Melee: Hand axe          |    87 |       ||    87
       Dagger            |    27 |    66 ||    93
 Fire: Hunting sling     |       |     2 ||     2
Throw: Stone             |       |     3 ||     3
Invok: Berserk           |     2 |     1 ||     3
  Use: Scroll            |     6 |       ||     6
       Potion            |       |     3 ||     3
Armor: Animal skin       |    35 |     4 ||    39
       Scale mail        |       |    27 ||    27
Dodge: Dodged            |    93 |    45 ||   138
